 Dungeon Crawl Stone Soup version 0.22-a0-252-gcace5d2 (webtiles) character file.

683 4thArraOfDagon the Skirmisher (level 7, 16/53 HPs)
             Began as a Mummy Enchanter on Mar 2, 2018.
             Was a Believer of Ru.
             Quit the game on level 8 of the Dungeon.
             The game lasted 00:19:41 (4933 turns).

4thArraOfDagon the Skirmisher (Mummy Enchanter)     Turns: 4933, Time: 00:19:42

Health: 16/53      AC:  0    Str: 11    XL:     7   Next: 35%
Magic:  2/11       EV: 13    Int: 17    God:    Ru [**....]
Gold:   317        SH:  0    Dex: 12    Spells: 2/11 levels left

rFire    x x .     SeeInvis .   a - +1 dagger
rCold    + + .     Gourm    .   (no shield)
rNeg     + + +     Faith    .   b - +1 robe
rPois    ∞         Spirit   .   (no helmet)
rElec    .         Reflect  .   (no cloak)
rCorr    .         Harm     .   g - +1 pair of gloves
MR       .....                  (no boots)
Stlth    ++........             (no amulet)
HPRegen  0.17/turn              i - ring of ice
MPRegen  0.12/turn              (no ring)

@: very slightly contaminated
A: no food or potions, fire vulnerability, cold resistance 1, negative energy
resistance 3, torment resistance, unbreathing, reduced AC 1
a: Renounce Religion


You were on level 8 of the Dungeon.
You worshipped Ru.
Ru was pleased with you.
You were not hungry.

You visited 1 branch of the dungeon, and saw 9 of its levels.

You collected 317 gold pieces.

Inventory:

Hand Weapons
 a - a +1 dagger (weapon)
 f - a +2 vampiric hand axe
Missiles
 e - 6 javelins (quivered)
Armour
 b - a +1 robe (worn)
 g - a +1 pair of gloves (worn)
Jewellery
 i - a ring of ice (left hand)
Scrolls
 c - 7 scrolls of identify
 d - a scroll of amnesia
 h - a scroll of remove curse
 j - 2 scrolls of immolation


   Skills:
 + Level 3.7 Fighting
 * Level 3.4 Short Blades
 - Level 3.0 Armour
 - Level 3.5 Dodging
 - Level 2.4 Stealth
 - Level 2.6 Spellcasting
 - Level 2.6 Hexes


You had 2 spell levels left.
You knew the following spells:

 Your Spells              Type           Power        Failure   Level  Hunger
a - Corona                Hex            ##.....      6%          1    N/A
b - Ensorcelled Hibernat  Hex/Ice        ##....       16%         2    N/A
c - Confuse               Hex            ##......     19%         3    N/A
d - Tukima's Dance        Hex            ##......     19%         3    N/A

Dungeon Overview and Level Annotations

Branches:
Dungeon (9/15)             Temple (0/1) D:5
   Lair: D:8-11         Orc: D:9-12

Altars:
Makhleb
Ru
Sif Muna
Trog

Annotations:
D:3 Robin
D:4 sankara's ghost, novice GrFi
D:5 Blork the orc; Eustachio
D:7 Psyche


Innate Abilities, Weirdness & Mutations

You do not eat or drink.
Your flesh is vulnerable to fire.
You are immune to poison.
Your flesh is cold resistant. (rC+)
You are immune to negative energy. (rN+++)
You are immune to unholy pain and torment.
You can survive without breathing.
You take slightly more damage. (AC -5)


Message History

Unknown command.
Unknown command.
The hound bites you.
Unknown command.
An ogre comes into view. It is wielding a giant club.
The hound bites you.
The howler monkey begins to attack, but is stunned by your will!
The hound closely misses you.
Unknown command.
Unknown command.
The ogre shouts!
You hear a bark!
The hound bites you.
Unknown command.
Okay, then.
You can't drink.
Are you sure you want to abandon this character and quit the game? (Confirm with "yes".)
Okay, then.
Okay, then.
Unknown command.
Are you sure you want to abandon this character and quit the game? (Confirm with "yes".)

.. . ##..# # .###.
#..# # .... #..#
.# #..# #..# ...
#..## #.h#....
#...# #....$..
##r.## #r##....
#ah.h######.##....
#@##....h##.......
#O######a.........
#.# #.............
......####........
#.### #........
#.# #....#### #.#
#....# #.. .......
#.(..##


You could see an ogre, a howler monkey, a porcupine, a hound and a worker ant.

Vanquished Creatures
  2 scorpions
  A crimson imp (D:6)
  A bullfrog zombie (D:6)
  An orc priest (D:6)
  2 hounds (D:4)
  3 orc wizards
  3 worker ants
  A worker ant zombie (D:5)
  3 gnolls (D:4)
  10 adders
  An adder zombie (D:5)
  5 worms
  4 dart slugs
  A leopard gecko (D:3)
  15 orcs
  A ball python (D:2)
  9 bats
  5 goblins
  10 hobgoblins
  8 jackals
  11 kobolds
  3 quokkas
  7 frilled lizards
  A jackal skeleton (D:5)
  13 rats
121 creatures vanquished.

Notes
Turn   | Place    | Note
-------+----------+-------------------------------------------
     0 | D:1      | 4thArraOfDagon the Mummy Enchanter began the quest for the Orb.
     0 | D:1      | Reached XP level 1. HP: 13/13 MP: 4/4
    74 | D:1      | Reached skill level 1 in Short Blades
   381 | D:2      | Reached XP level 2. HP: 9/19 MP: 2/5
   440 | D:2      | Learned a level 2 spell: Ensorcelled Hibernation
   682 | D:3      | Reached XP level 3. HP: 22/24 MP: 1/7
   691 | D:3      | Learned a level 3 spell: Confuse
   691 | D:3      | You fall through a shaft for 2 floors!
   691 | D:5      | Entered Level 5 of the Dungeon
   692 | D:5      | how
   711 | D:5      | Noticed an ice beast
   711 | D:5      | Noticed Blork the orc
   719 | D:5      | Noticed Eustachio
   821 | D:4      | Noticed sankara's ghost (novice GrFi)
   842 | D:4      | Reached XP level 4. HP: 24/30 MP: 5/8
  1144 | D:3      | Reached skill level 1 in Fighting
  1178 | D:3      | Reached skill level 1 in Armour
  1194 | D:3      | Reached XP level 5. HP: 31/37 MP: 2/9
  1208 | D:3      | Noticed Robin
  1266 | D:5      | Found a sacrificial altar of Ru.
  1274 | D:5      | Became a worshipper of Ru the Awakened
  1403 | D:5      | Noticed a moth of wrath
  1406 | D:5      | Found a bloodstained altar of Trog.
  1508 | D:5      | Found a deep blue altar of Sif Muna.
  2270 | D:2      | Reached XP level 6. HP: 44/44 MP: 10/10
  2277 | D:2      | Learned a level 3 spell: Tukima's Dance
  2321 | D:2      | Gained mutation: You take slightly more damage. (AC -5) [Ru sacrifice]
  2321 | D:2      | Reached * piety under Ru
  2321 | D:2      | Reached ** piety under Ru
  3205 | D:4      | HP: 1/46 [scorpion (5)]
  4112 | D:4      | Reached XP level 7. HP: 51/52 MP: 6/11
  4149 | D:5      | Found a burning altar of Makhleb.
  4156 | D:5      | Found a staircase to the Ecumenical Temple.
  4518 | D:7      | Noticed a human
  4518 | D:7      | Noticed a human
  4520 | D:7      | Noticed a human
  4528 | D:7      | Noticed a human
  4528 | D:7      | Noticed a human
  4529 | D:7      | Noticed a human
  4529 | D:7      | Noticed a human
  4529 | D:7      | Noticed Psyche
  4529 | D:7      | Noticed a yak
  4529 | D:7      | Noticed a human
  4529 | D:7      | Noticed a human
  4530 | D:7      | Noticed a human
  4530 | D:7      | Noticed a human
  4530 | D:7      | Noticed a human
  4530 | D:7      | Noticed a human
  4530 | D:7      | Noticed a yak
  4530 | D:7      | Noticed a yak
  4531 | D:7      | Noticed a yak
  4933 | D:8      | Quit the game

Vault maps used:
D:1:      kilobyte_arrival_exit_the_forest
D:2:      first_ration
D:3:      uniq_robin
D:5:      tgw_trog, nicolae_ru_sacrificial_ziggurat, kennysheep_mini,
          lemuel_coloured_pillars_altar, minmay_temple_entry_hall,
          kennysheep_diamond, supply_closet_lemuel, minmay_misc_feat_chi,
          uniq_eustachio, uniq_blork_the_orc
D:6:      nicolae_overflow_crystal_walls, lemuel_doored_altar, serial_shops,
          kennysheep_little_box, xom_redecorated
D:7:      erik_cavepeople, minmay_misc_feat_five, minmay_ruffians
D:8:      grunt_lair_entry_orc_guard_hut
D:9:      overflow_temple_1_default, hangedman_decor_riveting,
          hangedman_pestilent_swarm

Skill      XL: |  1  2  3  4  5  6  7 |
---------------+----------------------+-----
Short Blades   | 1 2 3 |  3.4
Fighting       | 1 2 3 |  3.7
Dodging        | 2 3 |  3.5
Armour         | 1 2 3 |  3.0
Stealth        | |  2.4
Spellcasting   | |  2.6
Hexes          | |  2.6

Action                   |  1- 3 |  4- 6 |  7- 9 || total
-------------------------+-------+-------+-------++-------
Melee: Dagger            |    60 |    67 |     7 ||   134
       Hand axe          |       |   213 |    10 ||   223
 Cast: Corona            |    11 |       |       ||    11
       Ensorcelled Hiber |     9 |    40 |    14 ||    63
       Confuse           |       |     1 |     7 ||     8
Invok: Sacrifice Health  |       |     1 |       ||     1
  Use: Scroll            |     3 |     4 |     4 ||    11
 Stab: Sleeping          |    12 |    27 |     6 ||    45
       Distracted        |       |     1 |       ||     1
       Invisible         |       |     1 |       ||     1
Armor: Robe              |     7 |    46 |       ||    53
Dodge: Dodged            |    34 |   220 |    35 ||   289

Table legend:
 A = Spawn XP
 B = Non-spawn XP
 C = Spawn XP percentage of total XP
 D = Spawn monster count
 E = Non-spawn monster count
 F = Spawn count percentage of total count
 G = Total turns spent on level
                    A         B        C        D         E        F      G
               +---------+---------+-------+---------+---------+-------+---------
         Total |       0 |     977 |   0.0 |       0 |     121 |   0.0 |  4933
               +---------+---------+-------+---------+---------+-------+---------
           D:1 |       0 |      22 |   0.0 |       0 |      16 |   0.0 |   532
           D:2 |       0 |      81 |   0.0 |       0 |      28 |   0.0 |   612
           D:3 |       0 |     185 |   0.0 |       0 |      38 |   0.0 |  1129
           D:4 |       0 |     302 |   0.0 |       0 |      15 |   0.0 |  1157
           D:5 |       0 |     109 |   0.0 |       0 |      16 |   0.0 |   822
           D:6 |       0 |     151 |   0.0 |       0 |       4 |   0.0 |   266
           D:7 |       0 |      40 |   0.0 |       0 |       1 |   0.0 |    90
           D:8 |       0 |      87 |   0.0 |       0 |       3 |   0.0 |   323
               +---------+---------+-------+---------+---------+-------+---------
